 Dungeon Crawl Stone Soup version 0.24.0-13-gcf9b3192b9 (webtiles) character file.

Game seed: 211420887248145817, levelgen mode: deterministic

100 Monsterracer the Ruffian (level 4, -13/33 HPs)
             Began as a Ghoul Fire Elementalist on Nov 5, 2019.
             Mangled by Crazy Yiuf
             ... wielding a +3 quarterstaff of chaos
              (14 damage)
             ... on level 3 of the Dungeon.
             The game lasted 00:02:07 (2675 turns).

Monsterracer the Ruffian (Ghoul Fire Elementalist)  Turns: 2675, Time: 00:02:07

Health: -13/33     AC:  5    Str: 12    XL:     4   Next: 73%
Magic:  5/5        EV: 10    Int: 10    God:
Gold:   87         SH:  0    Dex:  9    Spells: 5/6 levels left

rFire    . . .     SeeInvis .     - Unarmed
rCold    + . .     Gourm    .   (no shield)
rNeg     + + +     Faith    .   e - +0 ring mail
rPois    ∞         Spirit   .   (no helmet)
rElec    .         Reflect  .   (no cloak)
rCorr    .         Harm     .   (no gloves)
MR       .....                  (no boots)
Stlth    +.........             (no amulet)
HPRegen  0.00/turn              (no ring)
MPRegen  0.09/turn              (no ring)

@: very slightly contaminated, rotting, invisible
A: rotting body, claws 1, carnivore, cold resistance 1, negative energy
resistance 3, inhibited regeneration, torment resistance, unbreathing
a: no special abilities


You were on level 3 of the Dungeon.
You were not hungry.

You visited 1 branch of the dungeon, and saw 3 of its levels.

You collected 87 gold pieces.

Inventory:

Armour
 e - a +0 ring mail (worn)
   (You found it on level 1 of the Dungeon)
Jewellery
 b - an uncursed ring of fire
   (You found it on level 1 of the Dungeon)
Wands
 o - a wand of polymorph (10)
   (You found it on level 3 of the Dungeon)
Scrolls
 d - 2 scrolls of teleportation {unknown}
 f - 4 scrolls of amnesia {unknown}
 h - 3 scrolls of blinking {unknown}
 l - a scroll of enchant weapon {unknown}
 m - 2 scrolls of identify {unknown}
Potions
 g - a potion of brilliance {unknown}
 i - a potion of cancellation {unknown}
 j - a potion of flight {unknown}
 k - a potion of agility {unknown}
 n - a potion of ambrosia {unknown}
Comestibles
 a - 2 chunks of flesh
 c - 4 rations


   Skills:
 - Level 1.7 Dodging
 - Level 2.1 Stealth
 + Level 4.6 Unarmed Combat
 - Level 1.7 Spellcasting
 - Level 0.7 Conjurations
 - Level 2.4 Fire Magic


You had 5 spell levels left.
You knew the following spells:

 Your Spells              Type           Power        Failure   Level  Hunger
a - Flame Tongue          Conj/Fire      #....        36%         1    ##.....

Your spell library contained the following spells:

 Spells                   Type           Power        Failure   Level  Hunger
 Throw Flame              Conj/Fire      #.....       50%         2    ###....
 Conjure Flame            Conj/Fire      #.......     75%         3    ####...
 Inner Flame              Hex/Fire       #.......     80%         3    ####...
 Sticky Flame             Conj/Fire      #.......     98%         4    #####..
 Fireball                 Conj/Fire      #.........   100%        5    ######.


Dungeon Overview and Level Annotations

Branches:
Dungeon (3/15)

Altars:
Vehumet
Wu Jian

Annotations:
D:3 Crazy Yiuf


Innate Abilities, Weirdness & Mutations

Your body is rotting away.
You thrive on raw meat.
You are immune to poison.
You have sharp fingernails.
You are carnivorous and can eat meat at any time.
Your flesh is cold resistant. (rC+)
You are immune to negative energy. (rN+++)
You do not regenerate when monsters are visible.
You are immune to unholy pain and torment.
You can survive without breathing.


Message History

You closely miss the jackal. The jackal barely misses you.
You scratch the jackal.
You kill the jackal!
You scratch the hobgoblin.
You kill the hobgoblin!
You scratch the kobold.
You kill the kobold!
You swing at nothing.
You are near starving!
You swing at nothing.
No target in view!
Items here: ) ††† a +0 dagger; a hobgoblin corpse; a jackal corpse x2
You butcher the hobgoblin corpse.
a - 4 chunks of flesh (gained 2)
Items here: ) ÷ †† a +0 dagger; a hobgoblin skeleton; a jackal corpse x2
You butcher the jackal corpse.
a - 5 chunks of flesh (gained 1)
Items here: ) ÷÷ † a +0 dagger; a hobgoblin skeleton; a jackal skeleton; a jackal corpse Eat one of 5 chunks of flesh? (ye/n/q)
You eat one of the 5 chunks of flesh.
You feel more resilient.
This raw flesh tastes great!
You are feeling hungry.
Eat one of 4 chunks of flesh? (ye/n/q)
You eat one of the 4 chunks of flesh.
You feel more resilient.
This raw flesh tastes great!
Eat one of 3 chunks of flesh? (ye/n/q)
You eat one of the 3 chunks of flesh.
This raw flesh tastes great!
You butcher the jackal corpse.
a - 3 chunks of flesh (gained 1)
Items here: ) ÷÷÷ a +0 dagger; a hobgoblin skeleton; a jackal skeleton x2
Items here: ) ÷÷÷ a +0 dagger; a hobgoblin skeleton; a jackal skeleton x2
Found an ornate altar of the Wu Jian Council.
m - 2 scrolls labeled VUSUSY JIGI (gained 1)
A kobold comes into view. It is wielding a +0 dagger.
The kobold shouts!
A kobold is nearby!
The kobold hits you with a +0 dagger.
You scratch the kobold but do no damage.
The kobold barely misses you.
You scratch the kobold.
You kill the kobold!
No target in view!
No target in view!
No target in view!
No target in view!
There is an ornate altar of the Wu Jian Council here.
You kneel at the altar of Wu Jian.
Found a club.
You feel your flesh rotting away.
Eating one of 3 chunks of flesh.
You eat one of the 3 chunks of flesh.
You feel more resilient.
This raw flesh tastes great!
HP restored.
Found two maces.
Found a mace.
You see here a mace.
Found seven maces.
Found a runed translucent door.
You see here a mace.
Crazy Yiuf shouts!
Found a mace.
You see here a mace.
You see here a mace.
Found three maces.
You see here a mace.
You open the door. You scratch Crazy Yiuf.
Crazy Yiuf is lightly wounded.
Crazy Yiuf hits you with a +3 quarterstaff of chaos!
Crazy Yiuf burns you.
You claw Crazy Yiuf!
Crazy Yiuf is moderately wounded.
Crazy Yiuf hits you with a +3 quarterstaff of chaos.
* * * LOW HITPOINT WARNING * * *
You fade into invisibility!
You are very lightly contaminated with residual magic.
You scratch Crazy Yiuf.
Crazy Yiuf is severely wounded.
You scratch Crazy Yiuf.
Crazy Yiuf is severely wounded.
Crazy Yiuf hits you with a +3 quarterstaff of chaos!
* * * LOW HITPOINT WARNING * * *
Crazy Yiuf burns you.
* * * LOW HITPOINT WARNING * * *
You scratch Crazy Yiuf.
Crazy Yiuf is severely wounded.
You closely miss Crazy Yiuf.
Crazy Yiuf is severely wounded.
Crazy Yiuf grits, "Cake!
East aubergine senile."
Crazy Yiuf hits you with a +3 quarterstaff of chaos.
* * * LOW HITPOINT WARNING * * *
You convulse.
* * * LOW HITPOINT WARNING * * *
You scratch Crazy Yiuf.
Crazy Yiuf is almost dead.
Crazy Yiuf hits you with a +3 quarterstaff of chaos!
You die...

##### #).)# #)))# )))
#. #g# #.. ♣♣@♣ ..
♣)♣♣ #.. ♣♣)♣ #..
♣)♣♣ #..##### ♣♣)♣♣
###..).... ♣)..♣♣
.#......### ♣.♣..♣
...####.... #....#
...####.###
##....####...##...###


You could see Crazy Yiuf.

Vanquished Creatures
  4 adders (D:2 D:3)
  An ooze (D:2)
  A dart slug (D:2)
  2 leopard geckos (D:1 D:2)
  2 giant cockroaches (D:1 D:3)
  6 goblins (D:1 D:2)
  6 hobgoblins (D:1 D:2 D:3)
  4 jackals (D:3)
  2 quokkas (D:2)
  11 bats (D:1 D:2 D:3)
  6 frilled lizards (D:1 D:2)
  8 kobolds (D:1 D:2 D:3)
  7 rats (D:1 D:2)
60 creatures vanquished.

Notes
Turn   | Place    | Note
-------+----------+-------------------------------------------
     0 | D:1      | Monsterracer the Ghoul Fire Elementalist began the quest
                  | for the Orb.
     0 | D:1      | Reached XP level 1. HP: 14/14 MP: 2/2
    62 | D:1      | Reached skill level 1 in Unarmed Combat
   208 | D:1      | Reached XP level 2. HP: 17/20 MP: 3/3
   296 | D:1      | Reached skill level 2 in Unarmed Combat
   849 | D:1      | Reached XP level 3. HP: 25/26 MP: 4/4
   950 | D:2      | HP: 12/26 [quokka (3)]
   953 | D:2      | Reached skill level 3 in Unarmed Combat
  1218 | D:2      | HP: 10/26 [adder (4)]
  1520 | D:2      | HP: 12/26 [adder (3)]
  1527 | D:2      | HP: 8/26 [adder (1)]
  1529 | D:2      | HP: 3/26 [adder (3)]
  1533 | D:2      | Reached XP level 4. HP: 4/33 MP: 5/5
  1907 | D:2      | Reached skill level 4 in Unarmed Combat
  2098 | D:2      | Found a radiant altar of Vehumet.
  2607 | D:3      | Found an ornate altar of the Wu Jian Council.
  2664 | D:3      | Found a runed translucent door.
  2665 | D:3      | Noticed Crazy Yiuf
  2670 | D:3      | HP: 15/33 [Crazy Yiuf/+3 quarterstaff of chaos (6)]
  2672 | D:3      | HP: 7/33 [Crazy Yiuf/+3 quarterstaff of chaos (8)]
  2672 | D:3      | HP: 3/33 [Crazy Yiuf/+3 quarterstaff of chaos (4)]
  2674 | D:3      | HP: 1/33 [Crazy Yiuf/+3 quarterstaff of chaos (1)]
  2675 | D:3      | Mangled by Crazy Yiuf

Levels and vault maps discovered:
D:1:      lemuel_arrival_broad_hall, layout_basic, minmay_misc_feat_alley
D:2:      layout_basic, lemuel_crystal_altar, skrybe_limestone_x
D:3:      layout_rooms, grunt_qazlal_clouds, nicolae_overflow_crystal_walls,
          uniq_crazy_yiuf_cottage

Skill      XL: |  1  2  3  4 |
---------------+-------------+-----
Unarmed Combat | 1 2 3 4 |  4.6
Dodging        | |  1.7
Stealth        | |  2.1
Spellcasting   | |  1.7
Conjurations   | |  0.7
Fire Magic     | |  2.4

Action                   |  1- 3 |  4- 6 || total
-------------------------+-------+-------++-------
Melee: Unarmed           |   132 |    99 ||   231
       Punch             |     2 |       ||     2
 Cast: Flame Tongue      |     1 |       ||     1
 Stab: Sleeping          |       |     1 ||     1
  Eat: Chunk             |     4 |     4 ||     8
Armor: Ring mail         |    57 |    26 ||    83
       Robe              |     2 |       ||     2
Dodge: Dodged            |    73 |    47 ||   120
